 Dungeon Crawl Stone Soup version 0.29-a0-997-gf6f7e2dfe7 (webtiles) character file.

Game seed: 16077473236582579908

1299 Anon1729 the Shooter (level 8, -2/62 (63) HPs)
             Began as a Minotaur Monk on Aug 4, 2022.
             Was a Believer of Ru.
             Killed by nerve-wracking pain
             ... invoked by an orc priest
              (14 damage)
             ... on level 7 of the Dungeon.
             The game lasted 00:12:14 (7420 turns).

Anon1729 the Shooter (Minotaur Monk)                Turns: 7420, Time: 00:12:14

HP:   -2/62 (63)    AC:  5    Str: 16    XL:     8   Next: 31%
MP:   7/7           EV: 14    Int:  7    God:    Ru [**....]
Gold: 503           SH:  0    Dex: 15    Spells: 7/7 levels left

rFire   . . .      SeeInvis .   a - +0 falchion
rCold   . . .      Faith    .   (no shield)
rNeg    . . .      Spirit   .   F - +0 robe
rPois   .          Reflect  .   (helmet restricted)
rElec   .          Harm     .   (no cloak)
rCorr   .          Rampage  .   j - +0 pair of gloves
Will    .....                   A - +1 pair of boots
Stlth   +++.......              (no amulet)
HPRegen 0.20/turn               y - ring of wizardry
MPRegen 0.10/turn               (no ring)

@: lightly drained
A: horns 2, frail 1, no air magic, no translocations magic, no transmutations
magic, retaliatory headbutt
a: Renounce Religion


You were on level 7 of the Dungeon.
You worshipped Ru.
Ru was pleased with you.
You visited 1 branch of the dungeon, and saw 7 of its levels.

You collected 503 gold pieces.

Inventory:

Hand Weapons
 a - a +0 falchion (weapon)
 b - a +0 shortbow
 t - a +0 sling
Missiles
 o - 3 silver javelins (quivered)
Armour
 j - a +0 pair of gloves (worn)
 u - the +4 crystal plate armour of the Invisible Hand {+Blink +Inv}
   (You found it on level 3 of the Dungeon)

   +Inv:      It lets you turn invisible.
   +Blink:    It lets you blink.
 A - a +1 pair of boots (worn)
 F - a +0 robe (worn)
Jewellery
 y - a ring of wizardry (left hand)
 G - a +4 ring of protection
Wands
 s - a wand of flame (21)
 v - a wand of mindburst (7)
Scrolls
 c - 3 scrolls of teleportation
 e - a scroll of blinking
 g - 2 scrolls of fear {unknown}
 i - 3 scrolls of immolation {unknown}
 k - 3 scrolls of noise {unknown}
 l - a scroll of summoning
 p - 2 scrolls of magic mapping {unknown}
 q - a scroll of butterflies {unknown}
 r - 3 scrolls of vulnerability {unknown}
 w - a scroll of amnesia {unknown}
 B - a scroll of silence {unknown}
 C - a scroll of enchant weapon {unknown}
 E - a scroll of enchant armour {unknown}
 I - a scroll of identify
Potions
 d - a potion of mutation {unknown}
 f - a potion of curing
 h - 2 potions of brilliance {unknown}
 m - 2 potions of invisibility {unknown}
 n - 3 potions of flight
 x - a potion of degeneration {unknown}
 z - a potion of attraction {unknown}
 D - 3 potions of heal wounds {unknown}
 H - a potion of berserk rage {unknown}


   Skills:
 + Level 6.2 Fighting
 + Level 6.1 Long Blades
 * Level 6.2 Ranged Weapons
 + Level 5.5 Dodging
 + Level 4.0 Stealth


You had 7 spell levels left.
You didn't know any spells.
Your spell library contained the following spells:

 Spells                   Type           Power      Damage    Failure   Level
 Magic Dart               Conj           0%         1d3       19%         1
 Slow                     Hex            0%         N/A       19%         1
 Searing Ray              Conj           0%         2d4       26%         2
 Confusing Touch          Hex            0%         N/A       45%         3
 Vampiric Draining        Necr           0%         2d6       45%         3
 Fulminant Prism          Conj/Hex       0%         3d6       86%         4
 Lehudib's Crystal Spear  Conj/Erth      0%         10d2      100%        8
 Passage of Golubria      Tloc           Unusable   N/A       N/A         4
 Silence                  Hex/Air        Unusable   N/A       N/A         5

Dungeon Overview and Level Annotations

Branches:
Dungeon (7/15)             Temple (0/1) D:5

Altars:
Elyvilon
Ru
Uskayaw
Xom
Yredelemnul

Shops:
D:6 *


Innate Abilities, Weirdness & Mutations

You have a pair of horns on your head.
You are frail. (-10% HP)
You cannot study or cast Air magic.
You cannot study or cast Translocations magic.
You cannot study or cast Transmutations magic.
You reflexively headbutt those who attack you in melee.


Message History

The orc priest barely misses you. The orc priest misses you.
You shoot an arrow.
The arrow hits the orc priest but does no damage.
The orc priest is heavily wounded.
The orc priest hits you with a +0 mace.
You are too injured to fight recklessly!
Fire: b) +0 shortbow
Press: ? - help, Q - select action, (/) - cycle Shift-Dir - straight line, f/p - orc priest
Aim: an orc priest, wielding a +0 mace and wearing a +0 leather armour (heavily wounded, 65% to hit)
You shoot an arrow.
The arrow hits the orc priest but does no damage.
The orc priest is heavily wounded.
The orc priest barely misses you. You furiously retaliate!
You headbutt the orc priest, but do no damage.
Fire: b) +0 shortbow
Press: ? - help, Q - select action, (/) - cycle Shift-Dir - straight line, f/p - orc priest
Aim: an orc priest, wielding a +0 mace and wearing a +0 leather armour (heavily wounded, 65% to hit)
You shoot an arrow. The arrow barely misses the orc priest.
The orc priest closely misses you.
Fire: b) +0 shortbow
Press: ? - help, Q - select action, (/) - cycle Shift-Dir - straight line, f/p - orc priest
Aim: an orc priest, wielding a +0 mace and wearing a +0 leather armour (heavily wounded, 65% to hit)
You shoot an arrow. The arrow barely misses the orc priest.
The orc priest hits you with a +0 mace.
Fire: b) +0 shortbow
Press: ? - help, Q - select action, (/) - cycle Shift-Dir - straight line, f/p - orc priest
Aim: an orc priest, wielding a +0 mace and wearing a +0 leather armour (heavily wounded, 65% to hit)
You shoot an arrow.
The arrow closely misses the orc priest.
The orc priest hits you with a +0 mace.
The orc priest mumbles some strange prayers to Beogh against you.
Beogh smites you!
* * * LOW HITPOINT WARNING * * *
a - a +0 falchion (weapon)
You barely miss the orc priest.
You headbutt the orc priest, but do no damage.
The orc priest is heavily wounded.
The orc priest calls down the wrath of Beogh upon you.
Pain shoots through your body!
You die...

.. .#
########.####
#...........#
#...........#
#...........##
#...)....$..
#...@o......
###....)....
###.###..)..
#<..# ....
##### ... .. .


You could see an orc priest.

Vanquished Creatures
  The ghost of gabibbone the Grasshopper, an amateur PaWr (D:3)
  A phantom (D:5)
  3 centaurs
  A necrophage (D:6)
  A bullfrog (D:3)
  4 scorpions
  A howler monkey (D:5)
  A jelly (D:4)
  A hound (D:5)
  A gnoll bouda (D:5)
  2 orc priests
  4 iguanas
  9 gnolls
  9 adders
  A white imp (D:5)
  A worm (D:2)
  3 dart slugs
  20 orcs
  6 ball pythons
  4 bats
  7 endoplasms
  3 giant cockroaches
  7 goblins
  9 hobgoblins
  4 jackals (D:3)
  3 kobolds
  5 quokkas
  6 frilled lizards
  4 rats
122 creatures vanquished.

Vanquished Creatures (others)
  A gnoll (D:3)
1 creature vanquished.

Grand Total: 123 creatures vanquished

Notes
Turn   | Place    | Note
-------+----------+-------------------------------------------
     0 | D:1      | Anon1729 the Minotaur Monk began the quest for the Orb.
     0 | D:1      | Reached XP level 1. HP: 19/19 MP: 0/0
     0 | D:1      | Noticed a draconian
     0 | D:1      | Noticed an octopode
     1 | D:1      | Noticed a dwarf
     6 | D:1      | Noticed an elf
     7 | D:1      | Noticed a demigod
     8 | D:1      | Noticed a felid
    14 | D:1      | Noticed a tengu
    16 | D:1      | Noticed a minotaur
    16 | D:1      | Noticed a demonspawn
    18 | D:1      | Noticed a gargoyle
    18 | D:1      | Noticed a vine stalker
    20 | D:1      | Noticed a felid
    20 | D:1      | Noticed a minotaur
   192 | D:1      | Reached XP level 2. HP: 26/27 MP: 1/1
   195 | D:1      | Reached skill level 1 in Ranged Weapons
   996 | D:2      | Reached XP level 3. HP: 28/33 MP: 2/2
  1405 | D:3      | Reached XP level 4. HP: 10/40 MP: 3/3
  1643 | D:3      | Found a white marble altar of Elyvilon.
  1643 | D:3      | Found a hide-covered altar of Uskayaw.
  1663 | D:3      | Found a sacrificial altar of Ru.
  1687 | D:3      | Became a worshipper of Ru the Awakened
  1700 | D:3      | Gained mutation: You cannot study or cast Air magic. [Ru
                  | sacrifice]
  1700 | D:3      | Gained mutation: You cannot study or cast Transmutations
                  | magic. [Ru sacrifice]
  1700 | D:3      | Gained mutation: You cannot study or cast Translocations
                  | magic. [Ru sacrifice]
  1700 | D:3      | Reached * piety under Ru
  1713 | D:3      | Identified the +4 crystal plate armour of the Invisible
                  | Hand {+Blink +Inv}
  2137 | D:3      | Found a faded altar of an unknown god.
  2193 | D:3      | Found a shimmering altar of Xom.
  2241 | D:3      | Reached XP level 5. HP: 7/47 MP: 4/4
  2601 | D:3      | Found a runed translucent door.
  2603 | D:3      | Noticed gabibbone's ghost (amateur PaWr)
  2991 | D:3      | Killed gabibbone's ghost
  2992 | D:3      | Reached XP level 6. HP: 21/53 MP: 5/5
  4689 | D:5      | Entered Level 5 of the Dungeon
  4707 | D:4      | Reached skill level 5 in Fighting
  4717 | D:5      | Reached skill level 5 in Long Blades
  4960 | D:5      | Reached XP level 7. HP: 57/61 MP: 6/6
  5333 | D:5      | Reached skill level 5 in Ranged Weapons
  5428 | D:5      | Reached skill level 5 in Dodging
  5738 | D:5      | Gained mutation: You are frail. (-10% HP) [Ru sacrifice]
  5738 | D:5      | Reached ** piety under Ru
  5740 | D:5      | Found a staircase to the Ecumenical Temple.
  5842 | D:5      | Reached XP level 8. HP: 10/63 MP: 7/7
  6350 | D:6      | Found Jemiroad's Neck Hole.
  7287 | D:6      | Found a basalt altar of Yredelemnul.
  7420 | D:7      | Killed from afar by an orc priest

Illustrated notes

Levels and vault maps discovered:
D:1:      shiori_arrival_whats_in_store_for_you, layout_rooms, glass_columns_c
D:2:      layout_basic, minmay_hexomino_p4
D:3:      layout_basic, nicolae_ru_awakened_eye,
          mainiacjoe_overflow_divided_tiny, tgw_xom, ebering_ghost_sewer_d,
          basic_ecumenical_altar
D:4:      layout_loops_ring, sigmund_army
D:5:      layout_basic, temple_hall, kennysheep_generic_room_13
D:6:      layout_basic, mainiacjoe_overflow_alcove_4,
          nicolae_shop_sticking_my_neck_out
D:7:      lemuel_ratsnest, layout_basic

Skill      XL: |  1  2  3  4  5  6  7  8 |
---------------+-------------------------+-----
Ranged Weapons | 1 2 3 4 5 6 |  6.2
Long Blades    | 4 5 6 |  6.1
Stealth        | 2 3 4 |  4.0
Fighting       | 4 5 6 |  6.2
Dodging        | 4 5 |  5.5

Action                   |  1- 3 |  4- 6 |  7- 9 || total
-------------------------+-------+-------+-------++-------
Melee: Falchion          |    68 |   117 |    31 ||   216
       Headbutt          |    12 |    25 |     7 ||    44
       Punch             |       |     2 |       ||     2
 Fire: Sling             |       |    11 |       ||    11
       Shortbow          |       |       |   148 ||   148
Throw: Javelin           |       |     1 |       ||     1
Invok: Sacrifice Arcana  |       |     1 |       ||     1
       Sacrifice Health  |       |       |     1 ||     1
Evoke: Wand              |       |     4 |     1 ||     5
  Use: Potion            |       |     3 |     2 ||     5
       Scroll            |       |     4 |       ||     4
 Stab: Sleeping          |     4 |     4 |       ||     8
       Distracted        |       |     1 |       ||     1
Armor: Robe              |    18 |    19 |    36 ||    73
Dodge: Dodged            |    47 |    85 |    95 ||   227

Table legend: (Time is in decaauts)
 A = Elapsed time spent in this place.
 B = Non-inter-level travel time spent in this place.
 C = Inter-level travel time spent in this place.
 D = Time resting spent in this place.
 E = Time spent auto-exploring this place.
 F = Levels seen in this place.
 G = Mean time per level.
                   A        B        C        D        E       F      G
               +--------+--------+--------+--------+--------+-----+--------+
         Total |   7468 |   7227 |    241 |   1790 |   4440 |   7 | 1066.9 |
       Dungeon |   7468 |   7227 |    241 |   1790 |   4440 |   7 | 1066.9 |
               +--------+--------+--------+--------+--------+-----+--------+

Top non-repeatable levels by time:
     D:3: 1906 daAuts
     D:4: 1598 daAuts
     D:5: 1263 daAuts
     D:2: 1108 daAuts
     D:6: 1078 daAuts
     D:1: 481 daAuts
     D:7: 32 daAuts
